 Dungeon Crawl Stone Soup version 0.22-a0-354-g30dfbe6fde (webtiles) character file.

20911 Principatus the Grappler (level 12, -1/115 HPs)
             Began as a Troll Monk on Apr 16, 2018.
             Was a High Priest of Kikubaaqudgha.
             Slain by a black mamba (18 damage)
             ... while paralysed by Rupert
             ... on level 3 of the Lair of Beasts.
             The game lasted 01:11:48 (16734 turns).

Principatus the Grappler (Troll Monk)              Turns: 16734, Time: 01:11:49

Health: -1/115     AC:  6    Str: 22    XL:     12   Next: 49%
Magic:  15/15      EV:  1    Int: 10    God:    Kikubaaqudgha [*****.]
Gold:   1328       SH:  0    Dex: 12    Spells: 16/17 levels left

rFire    . . .     SeeInvis .     - Unarmed
rCold    . . .     Gourm    +   O - +2 large shield
rNeg     . . .     Faith    .   H - +1 robe {MR+}
rPois    .         Spirit   .   (helmet restricted)
rElec    .         Reflect  .   G - scarf {cloud immunity}
rCorr    .         Harm     .   (gloves unavailable)
MR       ++...                  (boots unavailable)
Stlth    +.........             (no amulet)
HPRegen  0.69/turn              n - ring of protection from magic
MPRegen  0.14/turn              (no ring)

@: paralysed, hasted, drained
A: large, unfitting armour, claws 3, fast metabolism 3, gourmand, regeneration
1, shaggy fur 1, tough skin 2
a: Receive Corpses, Torment, Renounce Religion


You were on level 3 of the Lair of Beasts.
You worshipped Kikubaaqudgha.
Kikubaaqudgha was extremely pleased with you.
You were very full.

You visited 3 branches of the dungeon, and saw 15 of its levels.
You also visited: Sewer and Bailey.

You collected 1328 gold pieces.

Inventory:

Hand Weapons
 z - a +3 scimitar of flaming
 J - a +0 hunting sling
Missiles
 k - 3 throwing nets
 t - 9 javelins (quivered)
 w - 76 poisoned needles
 K - 47 sling bullets
Armour
 G - a scarf of cloud immunity (worn)
 H - a +1 robe of magic resistance (worn)
 I - a +0 shield
 O - a +2 large shield (worn)
Magical Staves
 L - an uncursed staff of power
Jewellery
 n - a ring of protection from magic (left claw)
 q - an uncursed ring of ice
 u - an uncursed ring of magical power
 y - an uncursed ring of positive energy
 B - an uncursed ring of ice
 R - an uncursed ring of ice
 T - an uncursed ring of see invisible {unknown}
Wands
 a - a wand of flame (47)
 e - a wand of digging (11)
 C - a wand of polymorph (22)
 E - a wand of disintegration (11)
 F - a wand of random effects (48)
 M - a wand of iceblast (8)
Scrolls
 d - a scroll of amnesia
 g - a scroll of brand weapon {unknown}
 j - 3 scrolls of fog
 l - 4 scrolls of enchant armour
 o - 5 scrolls of teleportation
 p - a scroll of noise {unknown}
 r - 2 scrolls of immolation
 v - 3 scrolls of remove curse
 x - a scroll of fear {unknown}
 D - 2 scrolls of enchant weapon
 P - a scroll of torment {unknown}
 Q - a scroll of summoning {unknown}
 S - a scroll of identify
 U - a scroll of vulnerability {unknown}
Potions
 c - a potion of haste
 h - 2 potions of magic
 i - a potion of curing
 m - 2 potions of agility
 s - a potion of might
 A - 2 potions of brilliance
 N - a potion of cancellation
Miscellaneous
 f - a crystal ball of energy
Comestibles
 b - 30 rations
 V - 5 chunks of flesh


   Skills:
 - Level 6.4(5.9) Fighting
 - Level 2.4(2.0) Dodging
 - Level 1.0(0.6) Stealth
 * Level 9.5(9.0) Shields
 + Level 12.8(12.3) Unarmed Combat
 - Level 3.0(2.6) Spellcasting
 - Level 3.1(2.8) Hexes
 - Level 6.1(5.7) Necromancy


You had 16 spell levels left.
You knew the following spells:

 Your Spells              Type           Power        Failure   Level  Hunger
a - Confusing Touch       Hex            #.....       32%         1    ##.....


Dungeon Overview and Level Annotations

Branches:
Dungeon (11/15)            Temple (1/1) D:5            Lair (3/6) D:10
  Swamp: Lair:2-4    Shoals: Lair:2-4     Snake: Lair:2-4    Spider: Lair:2-4
    Orc: D:9-12

Altars:
Ashenzari
Cheibriados
Dithmenos
Elyvilon
Fedhas
Gozag
Hepliaklqana
Kikubaaqudgha
Makhleb
Nemelex Xobeh
Okawaru
Qazlal
Ru
Sif Muna
Trog
Uskayaw
Vehumet
Wu Jian
Xom
Yredelemnul
Zin
The Shining One

Shops:
D:5 (

Annotations:
D:8 2 runed doors
D:10 exclusion: 2 oklob plants
Lair:1 exclusion: 2 oklob plants
Lair:3 Rupert


Innate Abilities, Weirdness & Mutations

You are too large for most types of armour.
You have claws for hands.
Your metabolism is lightning-fast.
You like to eat raw meat.
Your natural rate of healing is unusually fast.
You are covered in fur. (AC +1)
You have very tough skin. (AC +2)


Message History

You hear a shout!
A black mamba comes into view.
The black mamba hisses angrily.
Found a scroll of magic mapping.
Rupert seems less confused.
Okay, then.
You feel yourself speed up.
Rupert rages.
Rupert hits you with a battleaxe of freezing!!
* * * LOW HITPOINT WARNING * * *
Rupert freezes you.
* * * LOW HITPOINT WARNING * * *
Rupert is no longer berserk.
Rupert roars wildly at you.
You suddenly lose the ability to move!
The black mamba bites you!
* * * LOW HITPOINT WARNING * * *
The black mamba bites you!!
You die...
Kikubaaqudgha rasps: "You have failed me!
Welcome... death!"

.........## ##.................
.........# #..................
.#.......# #....P.....##.#...#
.........# #P...P.....#.......
.#.......## #....@...........#
..........# #............#.#
..........# ###...#.....#..#
.........#####...S.......#.##
##.......# #.#..@..........###
#.......# #.......#....#...###
#.......####..................##
##........##.....................
##..................#............
................................#
.P.......#...#......P..P#........
##.......##..#.........####......
##.....#..#...†........#####....#


You could see Rupert and a black mamba.

Vanquished Creatures
  6 two-headed ogres
  Erica (Lair:1)
  Pikel (D:8)
  An ugly thing (D:11)
  A cyclops (D:9)
  A black mamba (Lair:1)
  The ghost of Principatus the Ruffian, a novice TrHu of Kikubaaqudgha (D:5)
  Joseph (D:8)
  2 elephants (Lair:3)
  3 spiny frogs
  2 komodo dragons
  2 rime drakes (Lair:3)
  2 hornets (D:8)
  A troll (D:11)
  A queen bee (D:10)
  Grinder (D:4)
  A slime creature (D:8)
  5 hippogriffs
  7 yaks (Lair:2)
  2 basilisks (Lair:3)
  2 hungry ghosts
  6 water moccasins
  2 porcupines
  2 sky beasts
  3 orc warriors
  A necrophage (D:10)
  An ice beast (D:8)
  3 ogres
  4 phantoms
  The ghost of loom the Firebug, an amateur DrFE (D:3)
  6 crocodiles
  7 centaurs
  2 big kobolds (Sewer)
  5 bullfrogs
  8 gnoll sergeants (Bailey)
  5 scorpions
  24 killer bees
  2 howler monkeys
  5 wights (D:8)
  7 crimson imps
  A centaur zombie (D:5)
  8 orc priests
  5 hounds
  2 centaur skeletons
  2 jellies
  2 bullfrog skeletons (D:7)
  6 gnoll shamans (Bailey)
  3 iguanas
  18 orc wizards
  7 worker ants
  2 hound zombies
  2 hound skeletons
  Robin (D:4)
  17 gnolls
  20 adders
  4 river rats
  3 shadow imps (D:7)
  2 oozes
  2 adder skeletons
  An adder zombie (D:6)
  4 worms
  7 leopard geckos
  47 orcs
  5 ball pythons
  3 giant cockroaches
  16 goblins
  13 hobgoblins
  14 jackals
  8 quokkas
  2 bats (D:3)
  2 frilled lizards
  11 kobolds
  A leopard gecko zombie (D:9)
  9 rats
388 creatures vanquished.

Vanquished Creatures (others)
  An ogre (D:8)
  A killer bee (D:10)
  2 hounds (D:8)
  6 plants (D:10)
10 creatures vanquished.

Grand Total: 398 creatures vanquished

Notes
Turn   | Place    | Note
-------+----------+-------------------------------------------
     0 | D:1      | Principatus the Troll Monk began the quest for the Orb.
     0 | D:1      | Reached XP level 1. HP: 22/22 MP: 0/0
    84 | D:1      | Reached XP level 2. HP: 29/29 MP: 1/1
   468 | D:1      | Reached XP level 3. HP: 33/36 MP: 2/2
   506 | D:1      | Reached skill level 4 in Unarmed Combat
   725 | D:2      | Found a shattered altar of Ashenzari.
   887 | D:2      | Reached XP level 4. HP: 43/45 MP: 3/3
  1634 | D:3      | Noticed loom's ghost (amateur DrFE)
  1644 | D:3      | Killed loom's ghost
  1644 | D:3      | Reached skill level 5 in Unarmed Combat
  1644 | D:3      | Reached XP level 5. HP: 26/53 MP: 4/4
  1926 | D:3      | Found an opulent altar of Gozag.
  1941 | D:3      | Found a stormy altar of Qazlal.
  1942 | D:3      | Found a sparkling altar of Nemelex Xobeh.
  2161 | D:4      | Noticed Robin
  2169 | D:4      | Killed Robin
  2171 | D:4      | Noticed Grinder
  2339 | D:3      | Reached XP level 6. HP: 37/62 MP: 5/5
  2471 | D:2      | Reached skill level 6 in Unarmed Combat
  2565 | D:4      | Paralysed by Grinder for 2 turns
  2583 | D:4      | Killed Grinder
  2631 | D:4      | Reached XP level 7. HP: 61/70 MP: 6/6
  2658 | D:4      | Reached skill level 7 in Unarmed Combat
  2977 | D:4      | Found a white marble altar of Elyvilon.
  2979 | D:4      | Found a bloodstained altar of Trog.
  2979 | D:4      | Found a sacrificial altar of Ru.
  2981 | D:4      | Found a hide-covered altar of Uskayaw.
  2981 | D:4      | Found a shimmering altar of Xom.
  2981 | D:4      | Found a glowing silver altar of Zin.
  3496 | D:5      | Entered Level 5 of the Dungeon
  3515 | D:5      | Found a staircase to the Ecumenical Temple.
  3524 | Temple   | Entered the Ecumenical Temple
  3607 | Temple   | Became a worshipper of Kikubaaqudgha
  3607 | Temple   | Reached * piety under Kikubaaqudgha
  3607 | Temple   | Identified Kikubaaqudgha's Collected Works on Evil Magic (Kikubaaqudgha gifted it to you in the Ecumenical Temple)
  3607 | Temple   | Received a gift from Kikubaaqudgha
  3607 | Temple   | Reached ** piety under Kikubaaqudgha
  3622 | Temple   | Learned a level 1 spell: Confusing Touch
  3709 | D:5      | Noticed Principatus's ghost (novice TrHu)
  3730 | D:5      | Killed Principatus's ghost
  3730 | D:5      | Reached skill level 1 in Necromancy
  3730 | D:5      | Reached XP level 8. HP: 44/79 MP: 6/8
  3796 | D:5      | Reached skill level 1 in Hexes
  3847 | D:5      | Reached skill level 8 in Unarmed Combat
  3847 | D:5      | Reached skill level 1 in Spellcasting
  3874 | D:5      | Found Zeujaen's Antique Weapon Boutique.
  3972 | D:5      | Reached skill level 5 in Fighting
  4775 | D:6      | Found a glowing drain.
  4779 | Sewer    | Entered a sewer
  5097 | Sewer    | Reached *** piety under Kikubaaqudgha
  5097 | Sewer    | Identified Kikubaaqudgha's Compendium of Darkness (Kikubaaqudgha gifted it to you in a sewer)
  5097 | Sewer    | Received a gift from Kikubaaqudgha
  5482 | D:6      | Reached XP level 9. HP: 46/88 MP: 10/10
  5614 | D:6      | Reached skill level 9 in Unarmed Combat
  6032 | D:7      | Found a flagged portal.
  6043 | Bailey   | Entered a bailey
  6712 | Bailey   | Reached **** piety under Kikubaaqudgha
  8233 | D:7      | Found a burning altar of Makhleb.
  8519 | D:8      | Found a large runed door.
  8526 | D:8      | Reached skill level 10 in Unarmed Combat
  8593 | D:8      | Noticed a two-headed ogre
  8609 | D:8      | Killed a two-headed ogre
  8609 | D:8      | Reached XP level 10. HP: 65/98 MP: 11/13
  8744 | D:8      | Found a large runed door.
  8745 | D:8      | Found a large runed door.
  8774 | D:8      | Found a large runed door.
  8854 | D:8      | Noticed Pikel
  8869 | D:8      | Killed Pikel
  9206 | D:8      | Paralysed by a hornet for 2 turns
  9296 | D:8      | Reached skill level 1 in Shields
  9364 | D:8      | Noticed a two-headed ogre
  9374 | D:8      | Killed a two-headed ogre
  9775 | D:8      | Noticed Joseph
  9785 | D:8      | Killed Joseph
  9785 | D:8      | Reached skill level 5 in Necromancy
  9878 | D:8      | Reached skill level 11 in Unarmed Combat
 10133 | D:9      | Noticed a cyclops
 10156 | D:9      | Killed a cyclops
 10394 | D:9      | Reached ***** piety under Kikubaaqudgha
 10490 | D:9      | Reached XP level 11. HP: 107/107 MP: 14/14
 10502 | D:9      | Noticed a two-headed ogre
 10519 | D:9      | Killed a two-headed ogre
 10689 | D:9      | Noticed a lindwurm
 10689 | D:9      | Noticed a lindwurm
 10692 | D:9      | Noticed a lindwurm
 10724 | D:9      | Noticed a lindwurm
 10794 | D:9      | Found a white marble altar of Elyvilon.
 10966 | D:10     | Entered Level 10 of the Dungeon
 11010 | D:10     | Reached skill level 5 in Shields
 11156 | D:10     | Noticed an oklob plant
 11156 | D:10     | Noticed an oklob plant
 11665 | D:10     | Noticed a two-headed ogre
 11892 | D:10     | Noticed a two-headed ogre
 11918 | D:10     | Killed a two-headed ogre
 12033 | D:10     | Found a staircase to the Lair.
 12504 | D:11     | Noticed a green ugly thing
 12561 | D:11     | Killed a red ugly thing
 12825 | D:11     | Noticed a two-headed ogre
 12912 | D:10     | Killed a two-headed ogre
 13078 | D:11     | Noticed a seven-headed hydra
 13199 | D:11     | Killed a two-headed ogre
 13199 | D:11     | Reached skill level 12 in Unarmed Combat
 13418 | Lair:1   | Entered Level 1 of the Lair of Beasts
 13655 | Lair:1   | Noticed an oklob plant
 13655 | Lair:1   | Noticed an oklob plant
 13744 | Lair:1   | Reached XP level 12. HP: 41/115 MP: 13/15
 13993 | Lair:1   | Noticed Erica
 15301 | Lair:1   | Killed Erica
 16698 | Lair:3   | Noticed Rupert
 16731 | Lair:3   | Paralysed by Rupert for 6 turns
 16734 | Lair:3   | Slain by a black mamba

Vault maps used:
D:1:      dpeg_arrival_short_road
D:2:      evilmike_ruin_ashenzari
D:3:      nicolae_gozag_cash_rules_everything_around_me,
          nicolae_overflow_hidden_temple
D:4:      first_ration, doesnt_xom_only_xom, uniq_robin, uniq_grinder
D:5:      minmay_temple_entry_trees, serial_shops, shop
D:6:      gup_sewer_entry_spiral
D:7:      old_standard_altar, serial_co_window_serial, co_window_paths_b,
          co_window_paths_b, co_window_paths_a, co_window_corner_a,
          co_window_paths_a, co_window_corner_cb, co_window_2corner,
          co_window_broadway_c, co_window_broadway_c, co_window_broadway_b,
          co_window_4corner_b, enter_bailey_8, minmay_hedge_maze
D:8:      minmay_hollow_rounded_squares, uniq_pikel, uniq_joseph
D:9:      marbit_many_paths, minmay_lindwurm_lava
D:10:     dpeg_oklobed_lair
D:11:     hiddenorc2_lemuel, uniq_nergalle
Temple:   minmay_crystal_spiral_temple
Lair:1:   grunt_megastairs_3, minmay_lair_oklob_chamber, uniq_erica
Lair:3:   minmay_shoals_entry_hut, uniq_rupert
Sewer:    sewer_co_15_rooms
Bailey:   bailey_polearm_gnolls_kennysheep, bailey

Skill      XL: |  1  2  3  4  5  6  7  8  9 10 11 12 |
---------------+-------------------------------------+-----
Unarmed Combat | 4 5 6 7 8 10 11 12 | 12.8
Fighting       | 3 4 5 6 |  6.4
Necromancy     | 1 2 3 5 6 |  6.1
Hexes          | 2 3 |  3.1
Spellcasting   | 1 2 3 |  3.0
Shields        | 4 7 9 |  9.5
Dodging        | |  2.4
Stealth        | |  1.0

Action                   |  1- 3 |  4- 6 |  7- 9 | 10-12 || total
-------------------------+-------+-------+-------+-------++-------
Melee: Unarmed           |    78 |   151 |   462 |   820 ||  1511
       Punch             |     1 |     2 |    22 |     1 ||    26
Throw: Throwing net      |       |       |     3 |       ||     3
       Javelin           |       |       |     2 |    27 ||    29
 Cast: Confusing Touch   |       |       |    18 |    95 ||   113
Evoke: Wand              |       |       |       |     1 ||     1
  Use: Scroll            |       |     3 |    11 |     7 ||    21
       Potion            |       |       |    11 |     8 ||    19
 Stab: Sleeping          |     2 |     1 |     3 |     3 ||     9
       Confused          |       |       |     4 |    33 ||    37
  Eat: Chunk             |    14 |    13 |    51 |    87 ||   165
       Ration            |       |       |     2 |       ||     2
Armor: Robe              |    33 |    83 |    97 |   109 ||   322
       Skin              |       |       |       |     2 ||     2
Dodge: Dodged            |    51 |    97 |   211 |   204 ||   563
Block: Shield            |       |       |       |   164 ||   164
       Large shield      |       |       |       |   312 ||   312

Table legend:
 A = Spawn XP
 B = Non-spawn XP
 C = Spawn XP percentage of total XP
 D = Spawn monster count
 E = Non-spawn monster count
 F = Spawn count percentage of total count
 G = Total turns spent on level
                    A         B        C        D         E        F      G
               +---------+---------+-------+---------+---------+-------+---------
         Total |       0 |   29873 |   0.0 |       0 |     388 |   0.0 | 16734
               +---------+---------+-------+---------+---------+-------+---------
           D:1 |       0 |      49 |   0.0 |       0 |      25 |   0.0 |   704
           D:2 |       0 |     117 |   0.0 |       0 |      16 |   0.0 |  1042
           D:3 |       0 |     257 |   0.0 |       0 |      26 |   0.0 |   782
           D:4 |       0 |     560 |   0.0 |       0 |      25 |   0.0 |   968
           D:5 |       0 |     965 |   0.0 |       0 |      17 |   0.0 |  1046
           D:6 |       0 |     865 |   0.0 |       0 |      28 |   0.0 |   770
           D:7 |       0 |     541 |   0.0 |       0 |      18 |   0.0 |  1153
           D:8 |       0 |    5299 |   0.0 |       0 |      36 |   0.0 |  1752
           D:9 |       0 |    2049 |   0.0 |       0 |      24 |   0.0 |   750
          D:10 |       0 |    5655 |   0.0 |       0 |      58 |   0.0 |  1795
          D:11 |       0 |    2966 |   0.0 |       0 |      27 |   0.0 |   602
        Lair:1 |       0 |    3081 |   0.0 |       0 |      10 |   0.0 |  1083
        Lair:2 |       0 |    3152 |   0.0 |       0 |      17 |   0.0 |  1287
        Lair:3 |       0 |    2823 |   0.0 |       0 |      11 |   0.0 |   946
         Sewer |       0 |     295 |   0.0 |       0 |      20 |   0.0 |   423
        Bailey |       0 |    1199 |   0.0 |       0 |      30 |   0.0 |  1449
               +---------+---------+-------+---------+---------+-------+---------
